 Dungeon Crawl Stone Soup version 0.31.0-32-g396128a36d (webtiles) character file.

Game seed: 14354919336745396211

374 KittyFluff the Changeling (level 6, -7/85 HPs)
             Began as a Troll Shapeshifter on Apr 11, 2024.
             Mangled by Pikel
             ... wielding a +2 whip of flaming
              (9 damage)
             ... on level 4 of the Dungeon.
             The game lasted 00:13:01 (3209 turns).

KittyFluff the Changeling (Troll Shapeshifter)      Turns: 3209, Time: 00:13:03

Health: -7/85      AC: 23    Str: 25    XL:     6   Next: 43%
Magic:  5/5        EV:  1    Int:  6    God:
Gold:   154        SH:  7    Dex:  9    Spells: 5/5 levels left

rFire   . .          .
                       - Unarmed
rCold   . . .        w - +0 kite shield
rNeg    . . .        s - melded +0 robe
rPois   +            (helmet currently unavailable)
rElec   .            (cloak currently unavailable)
rCorr   +            (gloves unavailable)
SInv    .            (boots unavailable)
Will    .....        (no amulet)
Stlth   +            A - ring of resist corrosion
HPRegen 1.14/turn    (no ring)
MPRegen 0.09/turn

%: no passive effects
@: tree-form
A: stationary, stasis, torment immunity, boosted hp, large, unfitting armour,
(claws 3), regeneration 1, (shaggy fur 1), (tough skin 1)
a: no special abilities


You were on level 4 of the Dungeon.
You were a tree.
You visited 1 branch of the dungeon, and saw 5 of its levels.

You collected 154 gold pieces.

Inventory:

Hand Weapons
 h - a +0 club
 q - a +0 whip
 y - a +0 spear
 I - a +0 mace
Missiles
 l - 27 stones (quivered)
 m - 2 large rocks
 p - 3 boomerangs
 F - 5 poisoned darts
Armour
 o - the +2 cloak of Rotation {rElec Will- rCorr}
   (You found it on level 2 of the Dungeon)

   rElec:     It insulates you from electricity.
   Will-:     It decreases your willpower.
   rCorr:     It protects you from acid and corrosion.
 s - a +0 robe (melded)
 w - a +0 kite shield (worn)
Jewellery
 A - a ring of resist corrosion (left branch)
Talismans
 c - a beast talisman
 d - a flux talisman
Wands
 H - a wand of flame (8)
Scrolls
 f - 2 scrolls of vulnerability
 j - 2 scrolls of poison {unknown}
 n - 2 scrolls of identify {unknown}
 r - a scroll of brand weapon {unknown}
 t - 2 scrolls of amnesia {unknown}
 u - a scroll of revelation {unknown}
 x - a scroll of enchant armour {unknown}
 z - a scroll of enchant weapon {unknown}
 E - a scroll of immolation {unknown}
Potions
 a - a potion of curing {unknown}
 g - a potion of might {unknown}
 i - a potion of ambrosia {unknown}
 k - 2 potions of mutation {unknown}
 v - a potion of invisibility {unknown}
 B - a potion of berserk rage {unknown}
 C - 2 potions of heal wounds {unknown}
 D - a potion of attraction {unknown}


   Skills:
 + Level 2.3 Fighting
 + Level 2.7 Dodging
 + Level 1.4 Shields
 + Level 4.1 Unarmed Combat
 * Level 4.7 Shapeshifting


You had 5 spell levels left.
You didn't know any spells.
Your spell library contained the following spells:

 Spells                   Type           Power      Damage    Failure   Level
 Sting                    Conj/Alch      0%         1d3       73%         1
 Mercury Vapours          Alch/Air       0%         N/A       86%         2
 Call Canine Familiar     Summ           0%         N/A       97%         3
 Sigil of Binding         Hex            0%         N/A       97%         3
 Dimensional Bullseye     Hex/Tloc       0%         N/A       100%        4
 Olgreb's Toxic Radiance  Alch           0%         N/A       100%        4


Dungeon Overview and Level Annotations

Branches:
Dungeon (5/15)
 Temple: D:4-7

Altars:
Okawaru

Shops:
D:3 (

Annotations:
D:4 Pikel
D:5 Dowan, Duvessa


Innate Abilities, Weirdness & Mutations

You are a tree.
Your roots penetrate the ground, keeping you stationary.
You cannot be teleported.
You are immune to unholy pain and torment.
Your maximum health is greatly increased.
Your equipment is partially melded.
You are too large for most types of armour.
((You have claws for hands.))
Your natural rate of healing is unusually fast.
((You are covered in fur. (AC +1)))
((You have tough skin. (AC +1)))


Message History

There is a stone staircase leading up, spattered with blood here.
You closely miss Pikel.
Pikel says, "Hell isn't that bad."
You block Pikel's attack. The lemure hits you.
You claw Pikel!
Pikel is moderately wounded.
The lemure hits you but does no damage. You block the lemure's attack.
Pikel hits you with a +2 whip of flaming.
* * * LOW HITPOINT WARNING * * *
Pikel burns you.
* * * LOW HITPOINT WARNING * * *
Pikel hits you with a +2 whip of flaming.
* * * LOW HITPOINT WARNING * * *
Pikel burns you.
* * * LOW HITPOINT WARNING * * *
The lemure hits you but does no damage. The lemure hits you.
* * * LOW HITPOINT WARNING * * *
The lemure closely misses you.
You climb upwards.
There is a stone staircase leading down here.
You claw Pikel!
Pikel is heavily wounded.
The lemure barely misses you. x2
Pikel hits you with a +2 whip of flaming.
* * * LOW HITPOINT WARNING * * *
Pikel burns you.
* * * LOW HITPOINT WARNING * * *
You block the lemure's attack.
Your transformation has ended.
You turn into a tree.
Your +0 robe melds into your body.
Your roots penetrate the ground.
The lemure hits you but does no damage. x2
You block Pikel's attack. The lemure hits you but does no damage.
You smack Pikel!
Pikel is severely wounded.
The lemure hits you but does no damage. The lemure hits you.
* * * LOW HITPOINT WARNING * * *
Pikel says, "Hell isn't that bad."
Pikel hits you with a +2 whip of flaming!
You die...
Pikel says, "See you in Hell!"

#### ...# ##.##### .......#
####################
.......#
#.5♣5..............#
.......#
#.5K...<.....#####.#
.......#######..#########.#
#.#
.................)......#.#
#.#
.......#######..#######.#.#
###.. ~##....# #..# #.#.#
#.... ≈~###..# #..# #.#.#
#.### #≈≈≈≈..# #..##
#.#.....# ≈≈#≈##.# #.†.#
#.#######


You could see Pikel and 3 lemures.

Vanquished Creatures
  A black bear (D:4)
  A lemure (D:4)
  A howler monkey (D:4)
  2 bombardier beetles
  2 orc priests (D:2)
  An iguana (D:4)
  2 adders (D:4)
  4 dart slugs
  A ribbon worm (D:2)
  10 orcs
  4 ball pythons
  4 endoplasms
  3 giant cockroaches
  6 hobgoblins
  3 jackals (D:3)
  A quokka (D:2)
  2 frilled lizards
  7 goblins
  4 kobolds
  8 rats
67 creatures vanquished.

Notes
Turn   | Place    | Note
-------+----------+-------------------------------------------
     0 | D:1      | KittyFluff the Troll Shapeshifter began the quest for the
                  | Orb.
     0 | D:1      | Reached XP level 1. HP: 18/18 MP: 0/0
   136 | D:1      | Reached skill level 1 in Fighting
   153 | D:1      | Reached XP level 2. HP: 27/27 MP: 1/1
   570 | D:2      | Reached XP level 3. HP: 33/33 MP: 2/2
   683 | D:2      | Identified the +2 cloak of Rotation {rElec Will- rCorr}
   759 | D:2      | Reached XP level 4. HP: 17/41 MP: 3/3
  1909 | D:3      | Found Loamugg's Antique Weapon Shoppe.
  1918 | D:3      | Reached XP level 5. HP: 39/49 MP: 4/4
  2251 | D:3      | Found an iron altar of Okawaru.
  2629 | D:4      | Reached skill level 1 in Shields
  2800 | D:4      | Reached XP level 6. HP: 57/57 MP: 5/5
  3144 | D:5      | Entered Level 5 of the Dungeon
  3149 | D:5      | Noticed Dowan
  3150 | D:5      | Noticed Pikel
  3202 | D:5      | Noticed Duvessa
  3209 | D:4      | HP: 2/85 [lemure[Pikel] (5)]
  3209 | D:4      | Mangled by Pikel

Illustrated notes

Levels and vault maps discovered:
D:1:      elethiomel_arrival_fortress_basement, layout_rooms
D:2:      layout_basic, hangedman_feature_mirror, minivault_19,
          nicolae_the_louvre
D:3:      layout_basic, okawaru_trees_2, serial_shops, nicolae_shop_stone,
          minmay_misc_feat_chi, kennysheep_donut, kennysheep_generic_room_14
D:4:      layout_loops_ring, chequers_serial_rivers_room_b, minivault_4
D:5:      layout_loops_ring, minmay_temple_entry_mini_moons, nzn_random_ring,
          uniq_pikel, uniq_duvessa, uniq_menkaure

Skill      XL: |  1  2  3  4  5  6 |
---------------+-------------------+-----
Fighting       | 1 2 |  2.3
Dodging        | 2 |  2.7
Shapeshifting  | 4 |  4.7
Shields        | 1 |  1.4
Unarmed Combat | 4 |  4.1

Action                     |  1- 3 |  4- 6 || total
---------------------------+-------+-------++-------
  Melee: Unarmed           |    57 |   103 ||   160
         Punch             |     2 |       ||     2
    Use: Scroll            |       |     1 ||     1
         Potion            |       |     1 ||     1
 Armour: Animal skin       |    28 |     1 ||    29
         Robe              |       |    58 ||    58
         Skin              |       |     6 ||     6
  Dodge: Dodged            |    17 |    36 ||    53
  Block: Kite shield       |       |    25 ||    25
